 Dungeon Sprint DCSS version 0.29-a0-330-g52719c12eb (webtiles) character file.

Game seed: 10121192168805492586

13998 jt the Severer (level 11, -2/147 HPs)
             Began as a Deep Dwarf Fighter on Apr 17, 2022.
             Was a Priest of Elyvilon.
             Slain by a 12-headed hydra (5 damage)
             ... in the Dungeon (Sprint I: "Red Sonja").
             The game lasted 00:17:26 (1623 turns).

jt the Severer (Deep Dwarf Fighter)                 Turns: 1623, Time: 00:17:27

Health: -2/147     AC: 11    Str: 23    XL:     11   Next: 82%
Magic:  6/11       EV:  8    Int:  8    God:    Elyvilon [***...]
Gold:   36         SH:  6    Dex: 16    Spells: 19/21 levels left

rFire   . . .      SeeInvis .   k - +0 trident
rCold   + . .      Faith    +   c - +0 buckler
rNeg    . . .      Spirit   .   r - +1 chain mail {rC+}
rPois   .          Reflect  .   (no helmet)
rElec   .          Harm     .   s - scarf {repulsion}
rCorr   .          Rampage  .   q - +0 pair of gloves
Will    +....      NoTele   +   t - +1 pair of boots {Fly}
Stlth   ..........              C - amulet of faith
HPRegen 0.00/turn               (no ring)
MPRegen 0.12/turn               (no ring)

@: berserking, flying, repel missiles, very quick
A: damage resistance, heal wounds, sense surroundings 2, no regeneration, agile
2, deformed body, dopey 1, frail 2, low MP 1, no potion heal 1, subdued magic 1
a: Heal Wounds, Renounce Religion, Purification, Heal Other, Heal Self


You were in the Dungeon.
You worshipped Elyvilon.
Elyvilon was most pleased with you.
You visited 1 branch You collected 1540 gold pieces.
You spent 1504 gold pieces at shops.

Inventory:

Hand Weapons
 a - the +6 broad axe "Ipod" {freeze, rElec rPois MP-9 Int+4}
   (You bought it in a shop in the Dungeon)

   It freezes those it strikes, dealing additional cold damage.
   It can also slow down cold-blooded creatures.
   Int:       It affects your intelligence (+4).
   rElec:     It insulates you from electricity.
   rPois:     It protects you from poison.
   MP:        It affects your magic capacity (-9).
 k - a +0 trident (weapon)
 l - a +2 spectral club
 m - a +2 vampiric scythe
 o - a +1 short sword of distortion
 u - a +0 shortbow
 v - a +0 shortbow
 A - a +0 war axe
Missiles
 p - 4 curare-tipped darts
 y - 2 atropa-tipped darts
 z - 36 stones
Armour
 b - a +0 scale mail
 c - a +0 buckler (worn)
 q - a +0 pair of gloves (worn)
 r - a +1 chain mail of cold resistance (worn)
 s - a scarf of repulsion (worn)
 t - a +1 pair of boots of flying (worn)
 x - the +0 scale mail of Too Many Cooks {Str+5}
   (You found it in the Dungeon)

   Str:       It affects your strength (+5).
Jewellery
 w - a ring of flight
 C - an amulet of faith (around neck)
Wands
 n - a wand of flame (6)
Scrolls
 B - a scroll of holy word
Potions
 d - a potion of might
 e - 3 potions of curing
 f - a potion of heal wounds
 g - a potion of haste
 h - 2 potions of magic


   Skills:
 + Level 15.4 Fighting
 - Level 18.0 Axes
 - Level 6.0 Throwing
 - Level 8.0 Armour
 - Level 6.0 Shields
 - Level 5.7 Spellcasting
 - Level 5.2 Summonings
 - Level 10.3 Invocations
 - Level 14.9 Evocations


You had 19 spell levels left.
You knew the following spells:

 Your Spells              Type           Power      Damage    Failure   Level
a - Summon Small Mammal   Summ           32%        N/A       19%         1
b - Apportation           Tloc           2%         N/A       87%         1

Your spell library contained the following spells:

 Spells                   Type           Power      Damage    Failure   Level
 Animate Skeleton         Necr           2%         N/A       87%         1
 Ozocubu's Armour         Ice            1%         N/A       99%         3
 Fulminant Prism          Conj/Hex       0%         3d6       100%        4
 Iskenderun's Mystic Bla  Conj/Tloc      1%         2d3       100%        4
 Fireball                 Conj/Fire      0%         3d3       100%        5
 Lee's Rapid Deconstruct  Erth           0%         3d5*      100%        5
 Metabolic Englaciation   Hex/Ice        0%         N/A       100%        5
 Simulacrum               Ice/Necr       0%         N/A       100%        6
 Starburst                Conj/Fire      0%         6d3       100%        6
 Ignition                 Fire           0%         3d3       100%        8


Dungeon Overview and Level Annotations

Branches:
Dungeon (1/1)

Altars:
Cheibriados
Dithmenos
Elyvilon
Fedhas
Gozag
Hepliaklqana
Kikubaaqudgha
Makhleb
Nemelex Xobeh
Okawaru
Qazlal
Ru
Sif Muna
Trog
Uskayaw
Vehumet
Wu Jian
Xom
Yredelemnul
Zin
The Shining One
Jiyva
Lugonu

Shops:
D ?(?*![=:!*?(?[((=([[!


Innate Abilities, Weirdness & Mutations

You are resistant to damage.
You can heal yourself by infusing magical energy.
You passively map the area around you.
You do not regenerate.
You are very agile. (Dex +4)
Armour fits poorly on your strangely shaped body.
You are dopey. (Int -2)
You are very frail. (-20% HP)
Your magical capacity is low. (-10% MP)
Potions are less effective at restoring your health.
Your spells are a little easier to cast, but a little less powerful.


Message History

The 12-headed hydra bites you. x2; You block the 12-headed hydra's attack.
The 12-headed hydra barely misses you. The 12-headed hydra bites you!
The 12-headed hydra closely misses you. The 12-headed hydra bites you!
The 12-headed hydra bites you. You block the 12-headed hydra's attack.
You hit the 12-headed hydra.
The 12-headed hydra is moderately wounded.
The 12-headed hydra barely misses you. The 12-headed hydra bites you.
You block the 12-headed hydra's attack. The 12-headed hydra closely misses you.
The 12-headed hydra barely misses you.
The 12-headed hydra bites you but does no damage. x2
The 12-headed hydra bites you. x2; The 12-headed hydra bites you!
The 12-headed hydra bites you but does no damage. x2
You impale the 12-headed hydra!!
The 12-headed hydra is heavily wounded.
You hit the 12-headed hydra.
The 12-headed hydra is heavily wounded.
You block the 12-headed hydra's attack.
The 12-headed hydra closely misses you. x2
The 12-headed hydra completely misses you.
The 12-headed hydra barely misses you. x2; The 12-headed hydra misses you.
The 12-headed hydra bites you but does no damage.
The 12-headed hydra bites you!
* * * LOW HITPOINT WARNING * * *
The 12-headed hydra bites you. The 12-headed hydra bites you!
* * * LOW HITPOINT WARNING * * *
The 12-headed hydra barely misses you.
You barely miss the 12-headed hydra.
The 12-headed hydra is heavily wounded.
You impale the 12-headed hydra!!
The 12-headed hydra is almost dead.
The 12-headed hydra bites you!
* * * LOW HITPOINT WARNING * * *
You block the 12-headed hydra's attack. The 12-headed hydra bites you!
* * * LOW HITPOINT WARNING * * *
The 12-headed hydra bites you!
* * * LOW HITPOINT WARNING * * *
The 12-headed hydra bites you!
* * * LOW HITPOINT WARNING * * *
The 12-headed hydra bites you but does no damage. x2
The 12-headed hydra bites you.
You die...

#############################
*
#__#..')..#[.#§§@D§.§§...G.$#
,
'..'..#)..##'#§####§§§..##$.+
#__####...)§§#.# ##§..##*###
####§§#####§§'§#+ ,###§#:$$##
, #§§§§.#..##§####, #§##$$$#
'§≈§§§'..#...°°# * #..###$#
#§≈§.§#§§#.....+ , ##.#A#$# ,
, ##'#####'###.°°# ,,
#..###$#, , #§.§§###.'.#○.○#
* #.##..$#,


You could see a 12-headed hydra.

Vanquished Creatures
  2 centaur warriors (D)
  Sonja (D)
  A deep troll (D)
  A lindwurm (D)
  An oklob plant (D)
  7 shining eyes (D)
  A gargoyle (D)
  7 unseen horrors (D)
  2 kobold demonologists (D)
  4 demonic crawlers (D)
  A hornet (D)
  A slime creature (D)
  Sigmund (D)
  A yak (D)
  13 hogs (D)
  2 redbacks (D)
  7 floating eyes (D)
  An ogre (D)
  7 necrophages (D)
  8 jellies (D)
  Ijyb (D)
70 creatures vanquished.

Vanquished Creatures (collateral kills)
  A shining eye (D)
1 creature vanquished.

Vanquished Creatures (others)
  2 ballistomycete spores (D)
2 creatures vanquished.

Grand Total: 73 creatures vanquished

Notes
Turn   | Place    | Note
-------+----------+-------------------------------------------
     0 | D        | jt the Deep Dwarf Fighter began the quest for the Orb.
     0 | D        | Reached XP level 1. HP: 20/20 MP: 1/1
     2 | D        | Noticed Ijyb
    15 | D        | Killed Ijyb
    16 | D        | Reached skill level 4 in Axes
    16 | D        | Reached skill level 5 in Shields
    16 | D        | Reached XP level 2. HP: 24/27 MP: 2/2
    21 | D        | Noticed an ogre
    23 | D        | Killed an ogre
    24 | D        | Reached skill level 7 in Axes
    24 | D        | Reached XP level 3. HP: 29/33 MP: 3/3
    24 | D        | Reached XP level 4. HP: 36/40 MP: 4/4
    37 | D        | Noticed Sigmund
    39 | D        | Killed Sigmund
    40 | D        | Reached skill level 9 in Axes
    40 | D        | Reached XP level 5. HP: 27/46 MP: 4/9
    55 | D        | Found a shimmering blue altar of Sif Muna.
    56 | D        | Found an ornate altar of the Wu Jian Council.
    58 | D        | Reached XP level 6. HP: 33/55 MP: 5/10
    58 | D        | Found a radiant altar of Vehumet.
    84 | D        | Found Bompagou's General Store.
    84 | D        | Found an ancient bone altar of Kikubaaqudgha.
    84 | D        | Found a hazy altar of Hepliaklqana.
    84 | D        | Found a hide-covered altar of Uskayaw.
    84 | D        | Found a basalt altar of Yredelemnul.
    84 | D        | Found an opulent altar of Gozag.
    84 | D        | Found a snail-covered altar of Cheibriados.
    84 | D        | Found a sacrificial altar of Ru.
    84 | D        | Found a shadowy altar of Dithmenos.
    84 | D        | Noticed a yak
    92 | D        | Killed a yak
    93 | D        | Reached skill level 10 in Axes
    93 | D        | Found a stormy altar of Qazlal.
    93 | D        | Found a blossoming altar of Fedhas.
    93 | D        | Found a bloodstained altar of Trog.
    93 | D        | Found an iron altar of Okawaru.
    93 | D        | Found a glowing golden altar of the Shining One.
    93 | D        | Found a glowing silver altar of Zin.
    93 | D        | Found a white marble altar of Elyvilon.
    94 | D        | Found a sparkling altar of Nemelex Xobeh.
   101 | D        | Became a worshipper of Elyvilon the Healer
   112 | D        | Noticed Sonja
   113 | D        | Killed Sonja
   114 | D        | Reached skill level 13 in Axes
   114 | D        | Reached XP level 7. HP: 52/61 MP: 11/11
   131 | D        | Found Wulig's Magic Scroll Boutique.
   202 | D        | Bought a +1 chain mail of cold resistance for 231 gold
                  | pieces
   222 | D        | Found a viscous altar of Jiyva.
   222 | D        | Found a corrupted altar of Lugonu.
   222 | D        | Noticed a slime creature
   223 | D        | Found a burning altar of Makhleb.
   223 | D        | Found a shimmering altar of Xom.
   233 | D        | Killed a slime creature
   234 | D        | Reached skill level 1 in Throwing
   234 | D        | Reached XP level 8. HP: 31/68 MP: 12/12
   249 | D        | Noticed a kobold demonologist
   250 | D        | Noticed a kobold demonologist
   251 | D        | Noticed an orange demon
   257 | D        | Killed a kobold demonologist
   258 | D        | Reached skill level 5 in Armour
   258 | D        | Killed a kobold demonologist
   259 | D        | Reached skill level 14 in Axes
   277 | D        | Noticed a deep troll
   280 | D        | Gained mutation: You are agile. (Dex +2) [potion of
                  | mutation]
   280 | D        | Gained mutation: You passively map the area around you.
                  | [potion of mutation]
   280 | D        | Gained mutation: You are very agile. (Dex +4) [potion of
                  | mutation]
   293 | D        | Killed a deep troll
   294 | D        | Reached skill level 5 in Throwing
   294 | D        | Mutation became permanent: You passively map a small area
                  | around you. [Deep Dwarf growth]
   294 | D        | Gained mutation: You passively map the area around you.
                  | [Deep Dwarf growth]
   294 | D        | Reached XP level 9. HP: 19/74 MP: 11/13
   315 | D        | Reached * piety under Elyvilon
   315 | D        | Found Bipnisir's Armour Emporium.
   322 | D        | Bought a scarf of repulsion for 168 gold pieces
   322 | D        | Bought a +0 pair of boots of flying for 161 gold pieces
   353 | D        | Bought a scroll of enchant armour for 97 gold pieces
   374 | D        | Noticed a centaur warrior
   377 | D        | Noticed a centaur warrior
   390 | D        | Killed a centaur warrior
   391 | D        | Reached skill level 15 in Axes
   393 | D        | Killed a centaur warrior
   394 | D        | Reached skill level 10 in Invocations
   426 | D        | Noticed an oklob plant
   437 | D        | Killed an oklob plant
   438 | D        | Reached skill level 5 in Fighting
   438 | D        | Reached skill level 16 in Axes
   438 | D        | Reached XP level 10. HP: 57/90 MP: 16/16
   572 | D        | Reached skill level 10 in Fighting
   577 | D        | Identified the +0 scale mail of Too Many Cooks {Str+5}
   593 | D        | Found Udetetz's Book Shoppe.
   593 | D        | Found Ynogef's Jewellery Shop.
   593 | D        | Found Zeaz's Distillery.
   595 | D        | Found Gextag's General Store.
   595 | D        | Found Neicw's Magic Scroll Shop.
   595 | D        | Found Teeniheo's Antique Weapon Shoppe.
   595 | D        | Found Viogashu's Magic Scroll Boutique.
   595 | D        | Found Zipil's Antique Armour Emporium.
   595 | D        | Found Tulukut's Antique Weapon Shop.
   595 | D        | Found Qifujan's Weapon Shoppe.
   598 | D        | Found Zeuz's Jewellery Boutique.
   599 | D        | Found Waux Jesa's Armour Emporium.
   599 | D        | Found Qicen's Antique Weapon Boutique.
   600 | D        | Found Ockec's Distillery.
   612 | D        | Bought a masterwork broad axe for 198 gold pieces
   612 | D        | Identified the +6 broad axe "Ipod" {freeze, rElec rPois
                  | MP-9 Int+4} (You bought it in a shop in the Dungeon)
   618 | D        | Bought a scroll of holy word for 105 gold pieces
   667 | D        | Bought an amulet of faith for 400 gold pieces
   729 | D        | Noticed a gargoyle
   741 | D        | Killed a gargoyle
   791 | D        | Noticed a lindwurm
   796 | D        | Killed a lindwurm
   808 | D        | Reached ** piety under Elyvilon
   814 | D        | Reached XP level 11. HP: 66/115 MP: 5/14
   826 | D        | Reached skill level 17 in Axes
   857 | D        | Noticed a daeva
  1009 | D        | Reached skill level 18 in Axes
  1099 | D        | Bought a book of Cantrips for 144 gold pieces
  1101 | D        | Learned a level 1 spell: Summon Small Mammal
  1103 | D        | Learned a level 1 spell: Apportation
  1168 | D        | Noticed a shining eye
  1168 | D        | Noticed a shining eye
  1168 | D        | Noticed a shining eye
  1168 | D        | Gained mutation: Your magical capacity is low. (-10% MP) [a
                  | shining eye]
  1174 | D        | Gained mutation: Your spells are a little easier to cast,
                  | but a little less powerful. [a shining eye]
  1218 | D        | Killed a shining eye
  1219 | D        | Reached skill level 1 in Summonings
  1238 | D        | Killed a shining eye
  1239 | D        | Gained mutation: Potions are less effective at restoring
                  | your health. [a shining eye]
  1257 | D        | Killed a shining eye
  1341 | D        | Paralysed by a floating eye for 3 turns
  1345 | D        | Noticed a shining eye
  1345 | D        | Noticed a shining eye
  1345 | D        | Noticed a shining eye
  1354 | D        | Paralysed by a floating eye for 2 turns
  1366 | D        | Gained mutation: You are dopey. (Int -2) [a shining eye]
  1368 | D        | Paralysed by a floating eye for 2 turns
  1376 | D        | Paralysed by a floating eye for 2 turns
  1383 | D        | Killed a shining eye
  1384 | D        | Paralysed by a floating eye for 3 turns
  1394 | D        | Paralysed by a floating eye for 2 turns
  1402 | D        | Killed a shining eye
  1403 | D        | Reached skill level 15 in Fighting
  1412 | D        | Gained mutation: Armour fits poorly on your strangely
                  | shaped body. [a shining eye]
  1422 | D        | Killed a shining eye
  1423 | D        | Reached skill level 5 in Spellcasting
  1426 | D        | Noticed a shining eye
  1426 | D        | Noticed a shining eye
  1426 | D        | Gained mutation: You are frail. (-10% HP) [a shining eye]
  1448 | D        | Gained mutation: You are very frail. (-20% HP) [a shining
                  | eye]
  1478 | D        | Killed a shining eye
  1502 | D        | Reached *** piety under Elyvilon
  1522 | D        | Killed a shining eye
  1523 | D        | Reached skill level 5 in Summonings
  1530 | D        | Found Fiaphof's Distillery.
  1530 | D        | Found Akyciedd's Armour Boutique.
  1531 | D        | Found Arygipn's Weapon Shoppe.
  1531 | D        | Found Elischat's Magic Scroll Emporium.
  1605 | D        | Noticed a 12-headed hydra
  1606 | D        | Paralysed by a floating eye for 2 turns
  1623 | D        | HP: 3/147 [12-headed hydra (5)]
  1623 | D        | Slain by a 12-headed hydra

Illustrated notes

Levels and vault maps discovered:
D:        dungeon_sprint_1 [red_sonja_temple_1, red_sonja_temple_small_1]

Skill      XL: |  1  2  3  4  5  6  7  8  9 10 11 |
---------------+----------------------------------+-----
Axes           | 4 7 9 13 14 16 18 | 18.0
Shields        | 5 6 |  6.0
Evocations     | 6 9 14 | 14.9
Spellcasting   | 3 5 |  5.7
Throwing       | 1 5 6 |  6.0
Armour         | 4 7 8 |  8.0
Invocations    | 6 10 | 10.3
Fighting       | 5 12 15 | 15.4
Summonings     | 5 |  5.2

Action                   |  1- 3 |  4- 6 |  7- 9 | 10-12 || total
-------------------------+-------+-------+-------+-------++-------
Melee: War axe           |    13 |     8 |    50 |    73 ||   144
       Broad axe         |       |       |       |    99 ||    99
       Trident           |       |       |       |    82 ||    82
Throw: Dart              |       |       |     5 |    10 ||    15
 Cast: Summon Small Mamm |       |       |       |    30 ||    30
 Abil: Heal Wounds       |       |     1 |     5 |    15 ||    21
Evoke: Wand              |     2 |     4 |     2 |     2 ||    10
  Use: Potion            |       |       |     2 |     1 ||     3
       Scroll            |       |       |     1 |     1 ||     2
 Stab: Distracted        |       |       |       |     6 ||     6
Armor: Scale mail        |     3 |     2 |       |       ||     5
       Chain mail        |       |       |    31 |   151 ||   182
Dodge: Dodged            |    11 |     4 |    17 |    63 ||    95
       Repelled          |       |       |     2 |       ||     2
Block: Buckler           |     1 |     1 |    12 |    45 ||    59

Table legend: (Time is in decaauts)
 A = Elapsed time spent in this place.
 B = Non-inter-level travel time spent in this place.
 C = Inter-level travel time spent in this place.
 D = Time resting spent in this place.
 E = Time spent auto-exploring this place.
 F = Levels seen in this place.
 G = Mean time per level.
                   A        B        C        D        E       F      G
               +--------+--------+--------+--------+--------+-----+--------+
         Total |   1552 |   1410 |    142 |    193 |      0 |   1 | 1552.0 |
       Dungeon |   1552 |   1410 |    142 |    193 |      0 |   1 | 1552.0 |
               +--------+--------+--------+--------+--------+-----+--------+

Top non-repeatable levels by time:
       D: 1552 daAuts
